 Dungeon Crawl Stone Soup version 0.28.0-43-g3370ac3207 (webtiles) character file.

Game seed: 9099074720072007392

5525 Eitelfritz the Cleaver (level 10, -18/90 HPs)
             Began as a Hill Orc Fighter on Mar 7, 2022.
             Was a High Priest of Uskayaw.
             Killed from afar by an ice dragon (30 damage)
             ... with a blast of cold
             ... on level 9 of the Dungeon.
             The game lasted 00:21:12 (9224 turns).

Eitelfritz the Cleaver (Hill Orc Fighter)           Turns: 9224, Time: 00:21:14

Health: -18/90     AC: 19    Str: 24    XL:     10   Next: 70%
Magic:  14/14      EV: 11    Int:  8    God:    Uskayaw [*****.]
Gold:   1034       SH:  5    Dex: 13    Spells: 9/9 levels left

rFire   + . .      SeeInvis .   a - +1 war axe
rCold   . . .      Faith    .   c - +0 buckler
rNeg    . . .      Spirit   .   J - +0 swamp dragon scales
rPois   +          Reflect  .   m - +3 hat of the Pink Corner {rF+}
rElec   .          Harm     .   r - +2 cloak
rCorr   .          Rampage  .   h - +0 pair of fencer's gloves {Riposte Dex+3}
Will    .....                   l - +1 pair of boots
Stlth   +.........              (no amulet)
HPRegen 0.25/turn               (no ring)
MPRegen 0.14/turn               (no ring)

@: no status effects
A: no striking features
a: Renounce Religion, Stomp, Line Pass, Grand Finale


You were on level 9 of the Dungeon.
You worshipped Uskayaw.
Uskayaw was noncommittal.
You visited 2 branches of the dungeon, and saw 10 of its levels.
You also visited: Ossuary.

You collected 1523 gold pieces.
You spent 489 gold pieces at shops.

Inventory:

Hand Weapons
 a - a +1 war axe (weapon)
 n - a +0 morningstar
 B - a +0 shortbow
 G - a +2 flail of draining
 I - a +1 war axe of pain
 O - a +1 flail of holy wrath
Missiles
 p - 27 poisoned darts
 C - 69 arrows
 N - 2 throwing nets
 S - 5 boomerangs (quivered)
Armour
 c - a +0 buckler (worn)
 e - a +0 plate armour
 h - the +0 pair of fencer's gloves (worn) {Riposte Dex+3}
   (You bought it in a shop on level 3 of the Dungeon)

   It allows the wearer to riposte with melee weapons, swiftly retaliating
   against missed attacks.
   Dex:       It affects your dexterity (+3).
 l - a +1 pair of boots (worn)
 m - the +3 hat of the Pink Corner (worn) {rF+}
   (You acquired it in an ossuary)

   rF:        It protects you from fire.
 r - a +2 cloak (worn)
 J - +0 swamp dragon scales (worn)
 P - a +3 scale mail of cold resistance
Jewellery
 g - a ring of ice
 j - an amulet of magic regeneration
 D - the ring "Resimn" {rElec rF+ rCorr Dex+3 Slay-3}
   (You took it off an orc on level 8 of the Dungeon)

   [ring of resist corrosion]

   Dex:       It affects your dexterity (+3).
   Slay:      It affects your accuracy & damage with ranged weapons and melee
   (-3).
   rF:        It protects you from fire.
   rElec:     It insulates you from electricity.
   rCorr:     It protects you from acid and corrosion.
 E - the ring of Qiqa {Ice Drain Dex+5}
   (You found it on level 5 of the Dungeon)

   [ring of ice]

   It enhances your ice magic.
   Dex:       It affects your dexterity (+5).
   rF:        It makes you vulnerable to fire.
   rC:        It protects you from cold.
   Drain:     It drains your maximum health when unequipped.
Wands
 s - a wand of iceblast (28)
 A - a wand of flame (21)
 M - a wand of charming (9)
Scrolls
 b - a scroll of fog {unknown}
 f - a scroll of amnesia
 i - 4 scrolls of teleportation
 t - a scroll of fear
 y - a scroll of identify
 K - a scroll of enchant weapon
Potions
 d - 2 potions of flight
 k - 2 potions of degeneration {unknown}
 o - a potion of berserk rage {unknown}
 q - a potion of ambrosia {unknown}
 u - 5 potions of curing
 v - a potion of mutation {unknown}
 w - a potion of haste {unknown}
 x - 3 potions of brilliance
 z - 3 potions of heal wounds {unknown}
 F - 4 potions of lignification
 H - 2 potions of attraction {unknown}
 L - a potion of resistance {unknown}
 R - a potion of magic {unknown}


   Skills:
 + Level 8.4 Fighting
 + Level 13.7 Axes
 + Level 2.0 Throwing
 + Level 7.4 Armour
 + Level 1.9 Dodging
 + Level 2.5 Stealth
 + Level 5.1 Shields
 * Level 5.9 Invocations


You had 9 spell levels left.
You didn't know any spells.
Your spell library contained the following spells:

 Spells                   Type           Power      Damage    Failure   Level
 Summon Small Mammal      Summ           0%         N/A       63%         1
 Static Discharge         Conj/Air       0%         N/A       77%         2
 Dazzling Flash           Conj/Hex       0%         N/A       94%         3
 Gell's Gravitas          Tloc           0%         N/A       94%         3
 Lesser Beckoning         Tloc           0%         N/A       94%         3
 Teleport Other           Tloc           0%         N/A       94%         3
 Passage of Golubria      Tloc           0%         N/A       100%        4
 Agony                    Necr           0%         N/A       100%        5
 Lightning Bolt           Conj/Air       0%         1d11      100%        5
 Silence                  Hex/Air        0%         N/A       100%        5
 Lehudib's Crystal Spear  Conj/Erth      0%         10d2      100%        8
 Maxwell's Capacitive Co  Air            0%         ∞         100%        8


Dungeon Overview and Level Annotations

Branches:
Dungeon (9/15)             Temple (1/1) D:6         Ossuary (visited)
   Lair: D:8-11         Orc: D:9-12

Altars:
Ashenzari
Cheibriados
Dithmenos
Elyvilon
Fedhas
Gozag
Kikubaaqudgha
Makhleb
Nemelex Xobeh
Okawaru
Qazlal
Ru
Sif Muna
Uskayaw
Vehumet
Wu Jian
Xom
Yredelemnul
Zin
The Shining One

Shops:
D:3 [   D:7 :


Message History

You feel sick.
You are no longer poisoned.
The ice dragon breathes frost at you. The blast of cold hits you!!
* * * LOW HITPOINT WARNING * * *
You feel better. The ice dragon closely misses you.
You riposte.
You closely miss the ice dragon.
The ice dragon is moderately wounded.
The ice dragon claws you.
* * * LOW HITPOINT WARNING * * *
The ice dragon barely misses you.
You feel better.
The ice dragon bites you but does no damage.
The ice dragon claws you.
* * * LOW HITPOINT WARNING * * *
The ice dragon tramples you!
* * * LOW HITPOINT WARNING * * *
You stumble backwards!
Uskayaw prepares the audience for your solo!
Okay, then.
Unknown command.
The helpless ice dragon fails to defend itself.
You slice the ice dragon!!
The ice dragon is severely wounded.
You can now merge with and destroy a victim.
The helpless ice dragon fails to defend itself.
You hit the ice dragon.
The ice dragon is severely wounded.
The ice dragon is no longer paralysed.
Uskayaw prepares the audience for your solo!
The helpless ice dragon fails to defend itself.
You slash the ice dragon!
The ice dragon is severely wounded.
The helpless ice dragon fails to defend itself.
You slash the ice dragon!
The ice dragon is almost dead.
The ice dragon is no longer paralysed.
The ice dragon breathes frost at you. The blast of cold hits you!!
You die...

# #.. .... ##.....
#####†...... #######
######.@D.†......
.......#
#......#####.....
.......###.######
... .......##..# .
.......##.##
.......##.####
.......##....#
.......#####.#
.......#####.#######


You could see an ice dragon (catching breath).

Vanquished Creatures
  Harold (D:9)
  2 cyclopes (D:8)
  Maggie (D:6)
  A kobold demonologist (D:9)
  A steam dragon (D:7)
  Edmund (D:6)
  A water moccasin (D:9)
  An ice beast (D:8)
  3 orc warriors
  A hornet zombie (D:7)
  2 ogres (D:4)
  A centaur (D:5)
  A phantom (D:4)
  4 kobold brigands (D:9)
  2 bullfrogs
  2 scorpions
  4 water moccasin zombies (Ossuary)
  A wyvern skeleton (D:7)
  5 wights (D:9)
  4 killer bees (D:9)
  6 howler monkeys
  2 centaur zombies
  A jelly (D:6)
  3 orc priests
  A gnoll shaman (D:7)
  3 hounds
  An iguana (D:5)
  Ijyb (D:3)
  13 orc wizards
  2 killer bee zombies
  A hound zombie (D:5)
  2 hound skeletons
  3 mummies
  8 adders
  9 gnolls
  3 adder zombies (Ossuary)
  A worm (D:2)
  20 orcs
  3 bats
  4 endoplasms
  2 giant cockroaches
  2 gnoll zombies (Ossuary)
  5 goblins
  10 hobgoblins
  4 jackals (D:1)
  17 kobolds
  A quokka (D:2)
  5 ball pythons
  A frilled lizard (D:3)
  5 hobgoblin zombies (Ossuary)
  6 kobold zombies
  4 orc zombies
  15 rats
203 creatures vanquished.

Notes
Turn   | Place    | Note
-------+----------+-------------------------------------------
     0 | D:1      | Eitelfritz the Hill Orc Fighter began the quest for the
                  | Orb.
     0 | D:1      | Reached XP level 1. HP: 19/19 MP: 1/1
   170 | D:1      | Reached XP level 2. HP: 23/27 MP: 2/2
   476 | D:1      | Reached skill level 3 in Axes
   610 | D:1      | Reached XP level 3. HP: 33/33 MP: 3/3
   841 | D:1      | Found a faded altar of an unknown god.
  1056 | D:2      | Reached skill level 4 in Axes
  1066 | D:2      | Reached XP level 4. HP: 40/40 MP: 4/4
  1582 | D:3      | Noticed Ijyb
  1615 | D:3      | Killed Ijyb
  1616 | D:3      | Reached XP level 5. HP: 7/47 MP: 5/5
  1877 | D:3      | Found Waimum's Armour Emporium.
  1884 | D:3      | Bought a +0 cloak for 49 gold pieces
  2216 | D:3      | Found an ornate altar of the Wu Jian Council.
  2395 | D:4      | Noticed an ogre
  2407 | D:3      | Identified a scroll of acquirement
  2407 | D:3      | Acquired 1032 gold pieces
  2496 | D:3      | Bought the +0 pair of fencer's gloves {Riposte Dex+3} for
                  | 440 gold pieces
  2496 | D:3      | Found the +0 pair of fencer's gloves {Riposte Dex+3}
  2582 | D:3      | Reached skill level 5 in Axes
  2856 | D:4      | Killed an ogre
  2857 | D:4      | Reached skill level 5 in Fighting
  2857 | D:4      | Reached XP level 6. HP: 56/56 MP: 6/6
  2975 | D:4      | Reached skill level 6 in Axes
  3122 | D:4      | Found a glowing silver altar of Zin.
  3156 | D:4      | Found a shimmering altar of Xom.
  3235 | D:4      | Reached XP level 7. HP: 40/61 MP: 7/7
  3485 | D:5      | Entered Level 5 of the Dungeon
  3590 | D:5      | Found a shimmering blue altar of Sif Muna.
  3595 | D:5      | Reached skill level 1 in Throwing
  3599 | D:5      | Reached skill level 5 in Armour
  3612 | D:5      | Reached skill level 7 in Axes
  3631 | D:5      | Got Sif Muna's Guide on the Entourage
  3757 | D:5      | Found an ancient bone altar of Kikubaaqudgha.
  3809 | D:5      | Found a radiant altar of Vehumet.
  3990 | D:5      | Reached skill level 8 in Axes
  4065 | D:5      | Reached XP level 8. HP: 66/70 MP: 8/8
  4352 | D:5      | Identified the ring of Qiqa {Ice Drain Dex+5}
  4746 | D:6      | Found a staircase to the Ecumenical Temple.
  4791 | D:6      | Noticed Edmund
  4800 | D:6      | Killed Edmund
  4926 | D:6      | Noticed Maggie
  4943 | D:6      | HP: 3/68 [Maggie/bolt of fire (16)]
  4944 | D:6      | Killed Maggie
  4945 | D:6      | Reached skill level 9 in Axes
  5537 | D:6      | Found a snail-covered altar of Cheibriados.
  5561 | D:6      | Found a stormy altar of Qazlal.
  5561 | D:6      | Found a sparkling altar of Nemelex Xobeh.
  5564 | D:6      | Found an iron altar of Okawaru.
  5785 | Temple   | Entered the Ecumenical Temple
  5965 | D:7      | Found a sand-covered staircase.
  5973 | Ossuary  | Entered an ossuary
  6008 | Ossuary  | Reached skill level 10 in Axes
  6127 | Ossuary  | Reached XP level 9. HP: 77/77 MP: 9/9
  6148 | Ossuary  | Reached skill level 1 in Dodging
  6241 | Ossuary  | Acquired the +3 hat of the Pink Corner {rF+}
  6353 | D:7      | Reached skill level 11 in Axes
  6761 | D:7      | Found Vuxoc's Book Shoppe.
  7207 | Temple   | Became a worshipper of Uskayaw the Reveller
  7375 | D:8      | Reached * piety under Uskayaw
  7385 | D:8      | Reached ** piety under Uskayaw
  7387 | D:8      | Reached skill level 1 in Invocations
  7539 | D:8      | Noticed a cyclops
  7555 | D:8      | Noticed a cyclops
  7562 | D:8      | Reached *** piety under Uskayaw
  7565 | D:8      | Killed a cyclops
  7565 | D:8      | Reached **** piety under Uskayaw
  7566 | D:8      | Reached skill level 12 in Axes
  7572 | D:8      | Reached ***** piety under Uskayaw
  7575 | D:8      | Killed a cyclops
  7578 | D:8      | Reached ****** piety under Uskayaw
  7586 | D:8      | Reached XP level 10. HP: 18/86 MP: 12/12
  7955 | D:8      | Reached skill level 1 in Stealth
  7978 | D:8      | Found a blossoming altar of Fedhas.
  8001 | D:8      | Identified the +1 dagger "Hydra's Undoing" {venom, *Rage
                  | rN+ MP+9}
  8039 | D:8      | Identified the ring "Resimn" {rElec rF+ rCorr Dex+3 Slay-3}
  8630 | D:9      | Reached skill level 13 in Axes
  8730 | D:9      | Noticed a kobold demonologist
  8739 | D:9      | Killed a kobold demonologist
  8740 | D:9      | Reached skill level 5 in Shields
  8740 | D:9      | Reached skill level 5 in Invocations
  9113 | D:9      | Noticed Harold
  9126 | D:9      | Killed Harold
  9204 | D:9      | Noticed an ice dragon
  9224 | D:9      | Killed from afar by an ice dragon

Illustrated notes

Levels and vault maps discovered:
D:1:      dpeg_arrival_ratfight, layout_loops_ring,
          hellmonk_ecumenical_altar_inner_sanctum
D:2:      layout_rooms, minmay_misc_feat_cross
D:3:      layout_rooms, nicolae_wu_jian_immortal_techniques, serial_shops,
          nicolae_shop_statue_plus, uniq_ijyb
D:4:      layout_gridville, general_overflow_altar, zin_treasury
D:5:      layout_loops_ring, palyth_temple_overflow_mages
D:6:      layout_loops_ring, minitemple, minmay_temple_entry_metal_lava,
          uniq_maggie, uniq_edmund
D:7:      layout_basic, serial_shops, nicolae_take_the_stairs,
          nicolae_ossuary_entry_giza, minmay_misc_feat_iff
D:8:      layout_rooms, fedhas_altar_1, grunt_decor_fettered, grunt_tough_drop
D:9:      dragon1_lemuel, layout_irregular_city, david_orc_5,
          chequers_serial_rivers_micro_a, uniq_harold
Temple:   nicolae_temple_figure_zero

Skill      XL: |  1  2  3  4  5  6  7  8  9 10 |
---------------+-------------------------------+-----
Fighting       | 4 5 6 7 8 |  8.4
Axes           | 3 4 5 6 8 10 12 13 | 13.7
Armour         | 4 5 6 7 |  7.4
Shields        | 4 5 |  5.1
Throwing       | 1 2 |  2.0
Dodging        | 1 |  1.9
Invocations    | 3 5 |  5.9
Stealth        | 2 |  2.5

Action                   |  1- 3 |  4- 6 |  7- 9 | 10-12 || total
-------------------------+-------+-------+-------+-------++-------
Melee: War axe           |    91 |   141 |   291 |   132 ||   655
Throw: Dart              |       |     5 |     2 |       ||     7
       Boomerang         |       |       |       |     4 ||     4
  Use: Potion            |       |     1 |     1 |     2 ||     4
       Scroll            |       |     6 |     8 |     4 ||    18
 Stab: Paralysed         |       |       |     2 |    20 ||    22
Armor: Scale mail        |    50 |    37 |       |       ||    87
       Plate armour      |       |    49 |    87 |       ||   136
       Swamp dragon scal |       |       |    94 |    78 ||   172
Dodge: Dodged            |    53 |    56 |    92 |    71 ||   272
Block: Buckler           |    21 |    34 |    50 |    35 ||   140
       Rpst.: War axe    |       |     6 |    24 |    18 ||    48
